SA
MT. VERNON BULLS @ LOUISIANA DRAGOONS
05/06/2026
 
TOP OF THE 1ST
Mt. Vernon Bulls batting - Pitching for Louisiana Dragoons : RHP Nathan Moree
Pitching: RHP Nathan Moree
Batting: RHB António Pérez 0-0: Fly out, F6 (Line Drive, 6)
Batting: RHB Noël Sassetti 0-0: Ball
1-0: Called Strike
1-1: Ball
2-1: Ball
3-1: Base on Balls
Batting: LHB Lee Hart 0-0: Called Strike
0-1: Called Strike
Noël Sassetti steals 2nd base
0-2: Ball
1-2: Ball
2-2: Foul Ball, location: 2F
2-2: Fly out, F7 (Flyball, 78M)
Batting: RHB Abraham Phelps 0-0: Foul Ball, location: 2F
0-1: Ball
1-1: DOUBLE (Flyball, 8LXD)
Noël Sassetti scores
Batting: SHB Esteban Borsellino 0-0: Ball
1-0: DOUBLE (Flyball, 78M)
Abraham Phelps scores
Batting: SHB Marvin Fitton 0-0: Fly out, F7 (Flyball, 7)
Top of the 1st over - 2 run(s), 2 hit(s), 0 error(s), 1 left on base; Mt. Vernon 2 - Louisiana 0
BOTTOM OF THE 1ST
Louisiana Dragoons batting - Pitching for Mt. Vernon Bulls : LHP Juan Fuentes
Pitching: LHP Juan Fuentes
Batting: LHB Dan O'Day 0-0: Called Strike
0-1: Ball
1-1: Swinging Strike
1-2: SINGLE (Flyball, 89S)
Batting: RHB Jeremy Boyter 0-0: Ball
1-0: Ball
2-0: Ball
3-0: Base on Balls
Dan O'Day to second
Batting: LHB Guillermo Arellano 0-0: Swinging Strike
0-1: Swinging Strike
0-2: Foul Ball, location: 2F
0-2: SINGLE (Flyball, 78S)
Dan O'Day to third
Jeremy Boyter to second
Runner from 3rd tries for Home, SAFE, no throw
Batting: RHB Scott Robertson 0-0: Ball
1-0: Foul Ball, location: 2F
1-1: Foul Ball, location: 2F
1-2: Foul Ball, location: 2F
1-2: Ball
2-2: Foul Ball, location: 2F
2-2: Ball
3-2: Foul Ball, location: 2F
3-2: Base on Balls
Jeremy Boyter to third
Guillermo Arellano to second
Batting: RHB Giuseppe Provolone 0-0: Ball
1-0: Foul Ball, location: 2F
1-1: Fly out, F6 (Flyball, 56D)
Batting: RHB Charles Rowell 0-0: Called Strike
0-1: Ball
1-1: Swinging Strike
1-2: Foul Ball, location: 2F
1-2: Strikes out swinging
Batting: RHB Walt Norrish 0-0: Ball
1-0: Ball
2-0: Ball
3-0: Base on Balls
Jeremy Boyter scores
Guillermo Arellano to third
Scott Robertson to second
Batting: RHB Domingo Colón 0-0: DOUBLE (Flyball, 78M)
Guillermo Arellano scores
Scott Robertson scores
Walt Norrish to third
Batting: RHB Kevin Johnson 0-0: Swinging Strike
0-1: Swinging Strike
0-2: Fly out, F9 (Flyball, 9S)
Bottom of the 1st over - 4 run(s), 3 hit(s), 0 error(s), 2 left on base; Mt. Vernon 2 - Louisiana 4
TOP OF THE 2ND
Mt. Vernon Bulls batting - Pitching for Louisiana Dragoons : RHP Nathan Moree
Batting: RHB Ken Gardner 0-0: Bunt missed!
0-1: Ball
1-1: SINGLE (Groundball, 6MD)
Batting: RHB António López 0-0: Called Strike
0-1: Foul Ball, location: 2F
0-2: Ball
1-2: Ball
2-2: SINGLE (Groundball, 6MD)
Ken Gardner to second
Batting: RHB Freddy Torres 0-0: Called Strike
0-1: Ball
1-1: Ball
2-1: Ball
3-1: Foul Ball, location: 2F
3-2: Fly out, F9 (Flyball, 9)
Batting: RHB António Pérez 0-0: Ball
1-0: Fly out, F6 (Flyball, 6D)
Batting: RHB Noël Sassetti 0-0: Ball
1-0: SINGLE (Groundball, 6MD)
Ken Gardner to third
António López to second
Runner from 3rd tries for Home, SAFE, no throw
Batting: LHB Lee Hart 0-0: Foul Ball, location: 2F
0-1: Called Strike
0-2: Foul Ball, location: 2F
0-2: Ball
1-2: Fielders Choice at 2nd, 4-6 (Groundball, 4)
Top of the 2nd over - 1 run(s), 3 hit(s), 0 error(s), 1 left on base; Mt. Vernon 3 - Louisiana 4
BOTTOM OF THE 2ND
Louisiana Dragoons batting - Pitching for Mt. Vernon Bulls : LHP Juan Fuentes
Batting: LHB Dan O'Day 0-0: Called Strike
0-1: Ball
1-1: Foul Ball, location: 2F
1-2: Strikes out swinging
Batting: RHB Jeremy Boyter 0-0: Foul Ball, location: 2F
0-1: Foul Ball, location: 2F
0-2: Ball
1-2: Foul Ball, location: 2F
1-2: Foul Ball, location: 2F
1-2: Ball
2-2: Ball
3-2: Base on Balls
Batting: LHB Guillermo Arellano 0-0: Ball
1-0: Called Strike
1-1: Ball
2-1: Ball
3-1: DOUBLE (Line Drive, 78XD)
Jeremy Boyter to third
Batting: RHB Scott Robertson 0-0: Ball
1-0: Ball
2-0: Ground out 6-3 (Groundball, 6)
Jeremy Boyter scores
Batting: RHB Giuseppe Provolone 0-0: Called Strike
0-1: SINGLE (Line Drive, 4MD)
Guillermo Arellano to third
Runner from 3rd tries for Home, SAFE, throw made home
Batting: RHB Charles Rowell 0-0: Ball
Giuseppe Provolone steals 2nd base
1-0: Called Strike
1-1: Called Strike
1-2: Strikes out swinging
Bottom of the 2nd over - 2 run(s), 2 hit(s), 0 error(s), 1 left on base; Mt. Vernon 3 - Louisiana 6
TOP OF THE 3RD
Mt. Vernon Bulls batting - Pitching for Louisiana Dragoons : RHP Nathan Moree
Batting: RHB Abraham Phelps 0-0: Ball
1-0: Foul Ball, location: 2F
1-1: Ball
2-1: Ball
3-1: Base on Balls
Batting: SHB Esteban Borsellino 0-0: Called Strike
0-1: SINGLE (Groundball, 56D)
Abraham Phelps to second
Batting: SHB Marvin Fitton 0-0: Called Strike
0-1: Ball
1-1: Foul Ball, location: 2F
1-2: Ball
2-2: Foul Ball, location: 2F
2-2: Ball
3-2: Foul Ball, location: 2F
3-2: Foul Ball, location: 2F
3-2: Fly out, F5 (Popup, 5L)
Batting: RHB Ken Gardner 0-0: Ball
1-0: Called Strike
1-1: Ball
2-1: Ball
3-1: Base on Balls
Abraham Phelps to third
Esteban Borsellino to second
Batting: RHB António López 0-0: Ball
1-0: Ball
2-0: Foul Ball, location: 2F
2-1: Foul Ball, location: 2F
2-2: Ball
3-2: Base on Balls
Abraham Phelps scores
Esteban Borsellino to third
Ken Gardner to second
Batting: RHB Freddy Torres 0-0: Fly out, F8 (Flyball, 89D)
Runner from 3rd tags up, SCORES, no throw
Ken Gardner to third
Batting: RHB António Pérez 0-0: Fly out, F7 (Flyball, 7LM)
Top of the 3rd over - 2 run(s), 1 hit(s), 0 error(s), 2 left on base; Mt. Vernon 5 - Louisiana 6
BOTTOM OF THE 3RD
Louisiana Dragoons batting - Pitching for Mt. Vernon Bulls : LHP Juan Fuentes
Batting: RHB Walt Norrish 0-0: Ball
1-0: Foul Ball, location: 2F
1-1: Swinging Strike
1-2: SINGLE (Flyball, 89S)
Batting: RHB Domingo Colón 0-0: Called Strike
0-1: Called Strike
0-2: Ball
1-2: Ball
2-2: Foul Ball, location: 2F
2-2: Foul Ball, location: 2F
2-2: DOUBLE (Flyball, 9LM)
Walt Norrish to third
Batting: RHB Kevin Johnson 0-0: Ball
1-0: Ball
2-0: Fly out, F9 (Flyball, 9LMF)
Runner from 3rd tags up, SCORES, no throw
Batting: LHB Dan O'Day 0-0: Ball
1-0: Ball
2-0: Ball
3-0: Called Strike
3-1: Base on Balls
Batting: RHB Jeremy Boyter 0-0: Called Strike
0-1: Ball
1-1: Ball
2-1: Called Strike
2-2: Grounds into double play, 6-4-3 (Groundball, 6)
Bottom of the 3rd over - 1 run(s), 2 hit(s), 0 error(s), 1 left on base; Mt. Vernon 5 - Louisiana 7
TOP OF THE 4TH
Mt. Vernon Bulls batting - Pitching for Louisiana Dragoons : RHP Nathan Moree
Batting: RHB Noël Sassetti 0-0: Foul Ball, location: 2F
0-1: Ball
1-1: Foul Ball, location: 2F
1-2: Ball
2-2: Ground out 1-5-3 (Groundball, 15S)
Batting: LHB Lee Hart 0-0: Ground out 6-3 (Groundball, 6)
Batting: RHB Abraham Phelps 0-0: Fly out, F9 (Line Drive, 89D)
Top of the 4th over - 0 run(s), 0 hit(s), 0 error(s), 0 left on base; Mt. Vernon 5 - Louisiana 7
BOTTOM OF THE 4TH
Louisiana Dragoons batting - Pitching for Mt. Vernon Bulls : LHP Juan Fuentes
Batting: LHB Guillermo Arellano 0-0: Called Strike
0-1: SINGLE (Line Drive, 7S)
Batting: RHB Scott Robertson 0-0: Ball
1-0: Ball
2-0: Called Strike
2-1: Called Strike
2-2: Ball
3-2: Base on Balls
Guillermo Arellano to second
Batting: RHB Giuseppe Provolone 0-0: Ball
1-0: Foul Ball, location: 2F
1-1: DOUBLE (Line Drive, 7LS)
Guillermo Arellano scores
Scott Robertson to third
Pitching: LHP Gerard McCall
Batting: RHB Charles Rowell 0-0: Ball
1-0: Ball
2-0: Foul Ball, location: 2F
2-1: SINGLE (Line Drive, 9LM)
Scott Robertson scores
Giuseppe Provolone to third
Batting: RHB Walt Norrish 0-0: Ball
1-0: Called Strike
1-1: Grounds into double play, 5-4-3 (Groundball, 56)
Giuseppe Provolone scores
Batting: RHB Domingo Colón 0-0: Ground out 6-3 (Groundball, 6)
Bottom of the 4th over - 3 run(s), 3 hit(s), 0 error(s), 0 left on base; Mt. Vernon 5 - Louisiana 10
TOP OF THE 5TH
Mt. Vernon Bulls batting - Pitching for Louisiana Dragoons : RHP Nathan Moree
Batting: SHB Esteban Borsellino 0-0: DOUBLE (Line Drive, 8RD)
Batting: SHB Marvin Fitton 0-0: Ball
1-0: Called Strike
1-1: Foul Ball, location: 2F
1-2: Ball
2-2: Foul Ball, location: 2F
2-2: Strikes out looking
Batting: RHB Ken Gardner 0-0: Ball
1-0: Ball
2-0: Called Strike
2-1: SINGLE (Groundball, 4MD)
Esteban Borsellino to third
Runner from 3rd tries for Home, SAFE, no throw
Batting: RHB António López 0-0: Called Strike
0-1: Ball
1-1: Swinging Strike
1-2: DOUBLE (Line Drive, 7LD)
Ken Gardner to third
Pitching: RHP Ramón Martínez
Batting: RHB Freddy Torres 0-0: Called Strike
0-1: Ball
1-1: Ball
2-1: Ground out 6-3 (Groundball, 6)
Ken Gardner scores
Batting: RHB António Pérez 0-0: 2-RUN HOME RUN (Flyball, 78XD), Distance : 418 ft
Batting: RHB Noël Sassetti 0-0: Ball
1-0: Ball
2-0: Foul Ball, location: 2F
2-1: Fly out, F7 (Line Drive, 7LD)
Top of the 5th over - 4 run(s), 4 hit(s), 0 error(s), 0 left on base; Mt. Vernon 9 - Louisiana 10
BOTTOM OF THE 5TH
Louisiana Dragoons batting - Pitching for Mt. Vernon Bulls : LHP Gerard McCall
Batting: RHB Kevin Johnson 0-0: Ball
1-0: Ball
2-0: Called Strike
2-1: Foul Ball, location: 2F
2-2: Ground out 1-3 (Groundball, 13S)
Batting: LHB Dan O'Day 0-0: Called Strike
0-1: Foul Ball, location: 2F
0-2: Foul Ball, location: 2F
0-2: Ball
1-2: Fly out, F7 (Flyball, 7)
Batting: RHB Jeremy Boyter 0-0: Ball
1-0: Foul Ball, location: 2F
1-1: Ball
2-1: Ground out 5-3 (Groundball, 56S)
Bottom of the 5th over - 0 run(s), 0 hit(s), 0 error(s), 0 left on base; Mt. Vernon 9 - Louisiana 10
TOP OF THE 6TH
Mt. Vernon Bulls batting - Pitching for Louisiana Dragoons : RHP Ramón Martínez
Batting: LHB Lee Hart 0-0: Ball
1-0: Ball
2-0: Called Strike
2-1: Ball
3-1: Ground out 4-3 (Groundball, 4)
Batting: RHB Abraham Phelps 0-0: Foul Ball, location: 2F
0-1: Swinging Strike
0-2: Foul Ball, location: 2F
0-2: Ball
1-2: Ball
2-2: Foul Ball, location: 2F
2-2: Foul Ball, location: 2F
2-2: SOLO HOME RUN (Flyball, 7LD), Distance : 358 ft
Batting: SHB Esteban Borsellino 0-0: Ball
1-0: Ball
2-0: Called Strike
2-1: Ball
3-1: Foul Ball, location: 2F
3-2: Base on Balls
Batting: SHB Marvin Fitton 0-0: Ball
1-0: Called Strike
1-1: Called Strike
1-2: Ball
2-2: Foul Ball, location: 2F
2-2: Foul Ball, location: 2F
2-2: Ball
Esteban Borsellino is caught stealing 2nd base
3-2: Base on Balls
Batting: RHB Ken Gardner 0-0: Ball
1-0: Called Strike
1-1: Ball
2-1: Ball
3-1: Foul Ball, location: 2F
3-2: Base on Balls
Marvin Fitton to second
Batting: RHB António López 0-0: Called Strike
0-1: Foul Ball, location: 2F
0-2: Strikes out swinging
Top of the 6th over - 1 run(s), 1 hit(s), 0 error(s), 2 left on base; Mt. Vernon 10 - Louisiana 10
BOTTOM OF THE 6TH
Louisiana Dragoons batting - Pitching for Mt. Vernon Bulls : LHP Gerard McCall
Batting: LHB Guillermo Arellano 0-0: Foul Ball, location: 2F
0-1: SINGLE (Flyball, 7S)
Batting: RHB Scott Robertson 0-0: Swinging Strike
0-1: Ball
1-1: Foul Ball, location: 2F
1-2: Ball
2-2: Strikes out looking
Batting: RHB Giuseppe Provolone 0-0: Ball
1-0: SINGLE (Groundball, 4M) (infield hit)
Guillermo Arellano to second
Batting: RHB Charles Rowell 0-0: Ball
1-0: Ball
2-0: Fly out, F7 (Line Drive, 7D)
Runner from 2nd tags up, SAFE at 3rd, no throw
Batting: RHB Walt Norrish 0-0: Called Strike
0-1: Called Strike
0-2: Ball
1-2: Fly out, F8 (Line Drive, 8LD)
Bottom of the 6th over - 0 run(s), 2 hit(s), 0 error(s), 2 left on base; Mt. Vernon 10 - Louisiana 10
TOP OF THE 7TH
Mt. Vernon Bulls batting - Pitching for Louisiana Dragoons : RHP Ramón Martínez
Pinch Hitting: RHB Alba Hidalgo de Jesus 0-0: Ground out 5-3 (Groundball, 56)
Batting: RHB António Pérez 0-0: Called Strike
0-1: Ball
1-1: Swinging Strike
1-2: Strikes out swinging, 2-3 out at first.
Batting: RHB Noël Sassetti 0-0: Ground out 6-3 (Groundball, 6)
Top of the 7th over - 0 run(s), 0 hit(s), 0 error(s), 0 left on base; Mt. Vernon 10 - Louisiana 10
BOTTOM OF THE 7TH
Louisiana Dragoons batting - Pitching for Mt. Vernon Bulls : LHP Gerard McCall
Now in LF: Alba Hidalgo de Jesus
Now in CF: Ryan Robbins
Pinch Hitting: RHB Armond Merlin 0-0: Ball
1-0: Foul Ball, location: 2F
1-1: Called Strike
1-2: Ball
2-2: Ball
3-2: SINGLE (Groundball, 6D)
Pinch Hitting: RHB Emmanuele Lucchetti 0-0: Ball
1-0: Sac Bunt - play at first, batter OUT! 5-4
Armond Merlin to second
Pinch Hitting: RHB Jody Bennett 0-0: Ball
1-0: Ball
2-0: Foul Ball, location: 2F
2-1: Ball
3-1: Base on Balls
Batting: RHB Jeremy Boyter 0-0: Foul Ball, location: 2F
0-1: Foul Ball, location: 2F
0-2: Ball
1-2: Foul Ball, location: 2F
1-2: Foul Ball, location: 2F
1-2: Ball
2-2: Foul Ball, location: 2F
2-2: Ball
3-2: Fly out, F5 (Popup, 5S)
Batting: LHB Guillermo Arellano 0-0: Foul Ball, location: 2F
0-1: Ball
1-1: Ball
2-1: Ball
3-1: Foul Ball, location: 2F
3-2: Foul Ball, location: 2F
3-2: Base on Balls
Armond Merlin to third
Jody Bennett to second
Batting: RHB Scott Robertson 0-0: Called Strike
0-1: Fielders Choice at 2nd, 6-4 (Groundball, 6)
Bottom of the 7th over - 0 run(s), 1 hit(s), 0 error(s), 2 left on base; Mt. Vernon 10 - Louisiana 10
TOP OF THE 8TH
Mt. Vernon Bulls batting - Pitching for Louisiana Dragoons : RHP Ramón Martínez
Now at 1B: Miklas Boerboom
Now in CF: Felipe Palazzola
Now in RF: Emmanuele Lucchetti
Batting: LHB Lee Hart 0-0: Ball
1-0: Swinging Strike
1-1: Foul Ball, location: 2F
1-2: Fly out, F7 (Flyball, 7S)
Batting: RHB Abraham Phelps 0-0: Foul Ball, location: 2F
0-1: Fly out, F9 (Flyball, 89S)
Now in RF: Ken Burton
Pinch Hitting: RHB Beau Emery 0-0: Ball
1-0: Ball
2-0: Called Strike
2-1: Ball
3-1: Fly out, F8 (Flyball, 89M)
Top of the 8th over - 0 run(s), 0 hit(s), 0 error(s), 0 left on base; Mt. Vernon 10 - Louisiana 10
BOTTOM OF THE 8TH
Louisiana Dragoons batting - Pitching for Mt. Vernon Bulls : LHP Gerard McCall
Now in CF: Pablo Morales
Batting: RHB Giuseppe Provolone 0-0: Foul Ball, location: 2F
0-1: Ball
1-1: Swinging Strike
1-2: Ball
2-2: Ball
3-2: SINGLE (Line Drive, 8LS)
Batting: RHB Charles Rowell 0-0: Sac Bunt - play at first, batter OUT! 1-4
Giuseppe Provolone to second
Pinch Hitting: RHB Armando Carmona 0-0: Intentional Walk
Pinch Hitting: RHB José Ortíz 0-0: Ball
1-0: Called Strike
1-1: Ball
2-1: Called Strike
2-2: Ball
3-2: Strikes out looking
Pitching: LHP Carlos Núñez
Batting: RHB Ken Burton 0-0: Called Strike
0-1: Ball
1-1: Ball
2-1: Ball
3-1: SINGLE (Groundball, 3D)
Giuseppe Provolone to third
Armando Carmona to second
Runner from 3rd tries for Home, SAFE, no throw
Pinch Hitting: RHB Rodrigo Rodríguez 0-0: Called Strike
Ken Burton steals 2nd base
Armando Carmona to third
0-1: Ball
1-1: Ball
2-1: Ball
3-1: Base on Balls
Batting: RHB Jeremy Boyter 0-0: Ball
1-0: Ball
2-0: Foul Ball, location: 2F
2-1: Fielders Choice at 2nd, 4-6 (Groundball, 4)
Bottom of the 8th over - 1 run(s), 2 hit(s), 0 error(s), 2 left on base; Mt. Vernon 10 - Louisiana 11
TOP OF THE 9TH
Mt. Vernon Bulls batting - Pitching for Louisiana Dragoons : RHP Ramón Martínez
Pitching: LHP Andrew Holloway
Now at 3B: Rodrigo Rodríguez
Now at SS: Armando Carmona
Now in CF: Harry Gibson
Batting: SHB Marvin Fitton 0-0: Foul Ball, location: 2F
0-1: Swinging Strike
0-2: Ball
1-2: Foul Ball, location: 2F
1-2: DOUBLE (Line Drive, 9LM)
Batting: RHB Ken Gardner 0-0: SINGLE (Line Drive, 34D)
Marvin Fitton to third
Runner from 3rd tries for Home, SAFE, no throw
Batting: RHB António López 0-0: Ball
1-0: Called Strike
1-1: Ball
2-1: Swinging Strike
2-2: Strikes out swinging
Pinch Hitting: RHB Rafael López 0-0: Called Strike
0-1: Ball
1-1: Ball
2-1: Ball
3-1: Foul Ball, location: 2F
3-2: Base on Balls
Ken Gardner to second
Batting: RHB António Pérez 0-0: Swinging Strike
0-1: Fly out, F7 (Flyball, 7D)
Runner from 2nd tags up, SAFE at 3rd, no throw
Batting: RHB Noël Sassetti 0-0: Ball
1-0: Ball
2-0: Fielders Choice at 2nd, 5-4 (Groundball, 5)
Top of the 9th over - 1 run(s), 2 hit(s), 0 error(s), 1 left on base; Mt. Vernon 11 - Louisiana 11
BOTTOM OF THE 9TH
Louisiana Dragoons batting - Pitching for Mt. Vernon Bulls : LHP Carlos Núñez
Pitching: RHP Evan Roy
Now in LF: José Macías
Batting: LHB Guillermo Arellano 0-0: Ball
1-0: Ball
2-0: Ball
3-0: Base on Balls
Pinch Hitting: LHB Carlos Piña 0-0: Ball
1-0: Grounds into double play, 4-6-3 (Groundball, 4)
Batting: RHB Giuseppe Provolone 0-0: Called Strike
0-1: Ball
1-1: Ball
2-1: Swinging Strike
2-2: Ball
3-2: Strikes out swinging
Bottom of the 9th over - 0 run(s), 0 hit(s), 0 error(s), 0 left on base; Mt. Vernon 11 - Louisiana 11
TOP OF THE 10TH
Mt. Vernon Bulls batting - Pitching for Louisiana Dragoons : LHP Andrew Holloway
Now in RF: Carlos Piña
Batting: LHB Lee Hart 0-0: Called Strike
0-1: Ball
1-1: Ball
2-1: Swinging Strike
2-2: Ground out 6-3 (Groundball, 6)
Batting: RHB Abraham Phelps 0-0: Called Strike
0-1: Foul Ball, location: 2F
0-2: Ball
1-2: DOUBLE (Line Drive, 8LD)
Pinch Hitting: RHB Louis Litt 0-0: Called Strike
0-1: Swinging Strike
0-2: Foul Ball, location: 2F
0-2: Foul Ball, location: 2F
0-2: Ball
1-2: Ball
2-2: Ball
3-2: Ground out 6-3 (Groundball, 6)
Batting: SHB Marvin Fitton 0-0: Swinging Strike
0-1: Foul Ball, location: 2F
0-2: Ball
1-2: Ground out 1-3 (Groundball, 15S)
Top of the 10th over - 0 run(s), 1 hit(s), 0 error(s), 1 left on base; Mt. Vernon 11 - Louisiana 11
BOTTOM OF THE 10TH
Louisiana Dragoons batting - Pitching for Mt. Vernon Bulls : RHP Evan Roy
Now in LF: Wilson Sánchez
Batting: RHB Charles Rowell 0-0: Called Strike
0-1: Ball
1-1: Ball
2-1: Foul Ball, location: 2F
2-2: Ball
3-2: Base on Balls
Batting: RHB Armando Carmona 0-0: Ball
1-0: Bunted foul
1-1: Ball
2-1: Bunted foul
2-2: Fielders Choice at 2nd, 4-6 (Groundball, 4)
Pinch Hitting: SHB Eduardo Pampin 0-0: Ball
1-0: Called Strike
Armando Carmona is caught stealing 2nd base
1-1: Ball
2-1: Foul Ball, location: 2F
2-2: Ground out 4-3 (Groundball, 4)
Bottom of the 10th over - 0 run(s), 0 hit(s), 0 error(s), 0 left on base; Mt. Vernon 11 - Louisiana 11
TOP OF THE 11TH
Mt. Vernon Bulls batting - Pitching for Louisiana Dragoons : LHP Andrew Holloway
Now at C: Eduardo Pampin
Batting: RHB Ken Gardner 0-0: Called Strike
0-1: Ball
1-1: Fly out, F2 (Popup, 23)
Batting: RHB António López 0-0: Ball
1-0: Ball
2-0: Ball
3-0: Foul Ball, location: 2F
3-1: Base on Balls
Pinch Runner at 1st Orlando Hernández:
Batting: SHB José Macías 0-0: Ball
1-0: SINGLE (Line Drive, 78S)
Orlando Hernández to second
Batting: RHB António Pérez 0-0: Ball
Orlando Hernández steals 3rd base
José Macías to second
1-0: Ball
2-0: Swinging Strike
2-1: Foul Ball, location: 2F
2-2: Ground out 5-3 (Groundball, 5S)
Batting: RHB Noël Sassetti 0-0: Ball
1-0: Ball
Wild Pitch!
Orlando Hernández scores
José Macías to third
2-0: Foul Ball, location: 2F
2-1: Ball
3-1: Base on Balls
Batting: LHB Lee Hart 0-0: Ball
1-0: Fly out, F8 (Flyball, 8RM)
Top of the 11th over - 1 run(s), 1 hit(s), 0 error(s), 2 left on base; Mt. Vernon 12 - Louisiana 11
BOTTOM OF THE 11TH
Louisiana Dragoons batting - Pitching for Mt. Vernon Bulls : RHP Evan Roy
Pitching: RHP Mark Goldwire
Now at C: Dixon Snyder
Batting: RHB Ken Burton 0-0: SINGLE (Line Drive, 78S)
Batting: RHB Rodrigo Rodríguez 0-0: Ball
1-0: Sac Bunt - play at first, batter OUT! 2-4
Ken Burton to second
Batting: RHB Jeremy Boyter 0-0: Foul Ball, location: 2F
0-1: Ball
1-1: Ball
2-1: Fly out, F9 (Flyball, 89S)
Batting: LHB Guillermo Arellano 0-0: Ball
1-0: Swinging Strike
1-1: Ball
2-1: Foul Ball, location: 2F
2-2: Ball
3-2: Foul Ball, location: 2F
3-2: Base on Balls
Batting: LHB Carlos Piña 0-0: Ball
1-0: Called Strike
1-1: Ball
2-1: Called Strike
2-2: DOUBLE (Groundball, 5L)
Ken Burton scores
Guillermo Arellano to third
Batting: RHB Giuseppe Provolone 0-0: Fly out, F4 (Flyball, 4MD)
Bottom of the 11th over - 1 run(s), 2 hit(s), 0 error(s), 2 left on base; Mt. Vernon 12 - Louisiana 12
TOP OF THE 12TH
Mt. Vernon Bulls batting - Pitching for Louisiana Dragoons : LHP Andrew Holloway
Batting: RHB Abraham Phelps 0-0: Ball
1-0: Swinging Strike
1-1: Ball
2-1: Called Strike
2-2: Ball
3-2: Foul Ball, location: 2F
3-2: Base on Balls
Batting: RHB Wilson Sánchez 0-0: Ball
1-0: Swinging Strike
1-1: Ball
2-1: Foul Ball, location: 2F
2-2: SINGLE (Groundball, 4MD)
Abraham Phelps to second
Batting: SHB Marvin Fitton 0-0: Ball
1-0: Ball
2-0: Bunted foul
2-1: Sac Bunt - play at first, batter OUT! 2-4
Abraham Phelps to third
Wilson Sánchez to second
Batting: RHB Ken Gardner 0-0: Intentional Walk
Batting: RHB Dixon Snyder 0-0: Swinging Strike
0-1: Called Strike
0-2: Foul Ball, location: 2F
0-2: Foul Ball, location: 2F
0-2: Ball
1-2: Strikes out swinging
Batting: SHB José Macías 0-0: Called Strike
0-1: Ball
1-1: Ball
2-1: Foul Ball, location: 2F
2-2: Strikes out swinging
Top of the 12th over - 0 run(s), 1 hit(s), 0 error(s), 3 left on base; Mt. Vernon 12 - Louisiana 12
BOTTOM OF THE 12TH
Louisiana Dragoons batting - Pitching for Mt. Vernon Bulls : RHP Mark Goldwire
Batting: RHB Charles Rowell 0-0: Called Strike
0-1: Called Strike
0-2: Foul Ball, location: 2F
0-2: Ball
1-2: Ball
2-2: Ball
3-2: Base on Balls
Batting: RHB Armando Carmona 0-0: Sac Bunt - play at first, batter OUT! 1-4
Charles Rowell to second
Batting: SHB Eduardo Pampin 0-0: Called Strike
0-1: Swinging Strike
0-2: Foul Ball, location: 2F
0-2: Ball
1-2: Strikes out looking
Batting: RHB Ken Burton 0-0: Ball
1-0: Ball
2-0: Fly out, F6 (Popup, 6D)
Bottom of the 12th over - 0 run(s), 0 hit(s), 0 error(s), 1 left on base; Mt. Vernon 12 - Louisiana 12
TOP OF THE 13TH
Mt. Vernon Bulls batting - Pitching for Louisiana Dragoons : LHP Andrew Holloway
Batting: RHB António Pérez 0-0: Called Strike
0-1: Fly out, F8 (Line Drive, 8RM)
Batting: RHB Noël Sassetti 0-0: Called Strike
0-1: Ball
1-1: Ball
2-1: Ball
3-1: SINGLE (Line Drive, 6MD)
Batting: LHB Lee Hart 0-0: Ball
1-0: Ball
2-0: Foul Ball, location: 2F
2-1: Fly out, F8 (Flyball, 78D)
Pitching: RHP Aaron Chapman
Batting: RHB Abraham Phelps 0-0: Ball
1-0: Called Strike
1-1: Fly out, F9 (Flyball, 9)
Top of the 13th over - 0 run(s), 1 hit(s), 0 error(s), 1 left on base; Mt. Vernon 12 - Louisiana 12
BOTTOM OF THE 13TH
Louisiana Dragoons batting - Pitching for Mt. Vernon Bulls : RHP Mark Goldwire
Batting: RHB Rodrigo Rodríguez 0-0: Ground out 6-3 (Groundball, 56)
Batting: RHB Jeremy Boyter 0-0: Called Strike
0-1: Ball
1-1: Ball
2-1: SINGLE (Groundball, 56D)
Batting: LHB Guillermo Arellano 0-0: Swinging Strike
0-1: Ball
1-1: Ball
2-1: Ball
3-1: Foul Ball, location: 2F
3-2: Foul Ball, location: 2F
3-2: Fly out, F8 (Flyball, 8LD)
Batting: LHB Carlos Piña 0-0: Ball
1-0: Swinging Strike
1-1: Ball
2-1: DOUBLE (Flyball, 89M)
Jeremy Boyter to third
Batting: RHB Giuseppe Provolone 0-0: Ball
1-0: Ball
2-0: SINGLE (Line Drive, 8RS)
Jeremy Boyter scores
Monday, March 20th, 2017 - OOTP Baseball 17.12 Build 75